 Dungeon Crawl Stone Soup version 0.28.0-53-g5a82cb258f (webtiles) character file.

Game seed: 12121383034382796651

101 zdrol the Chopper (level 4, -2/39 HPs)
             Began as a Minotaur Fighter on June 22, 2022.
             Slain by an orc priest
             ... wielding a +0 morningstar
              (5 damage)
             ... on level 3 of the Dungeon.
             The game lasted 00:07:45 (2070 turns).

zdrol the Chopper (Minotaur Fighter)                Turns: 2070, Time: 00:07:46

Health: -2/39      AC: 11    Str: 23    XL:     4   Next: 48%
Magic:  3/3        EV:  6    Int:  5    God:
Gold:   97         SH:  4    Dex:  9    Spells: 3/3 levels left

rFire   . . .      SeeInvis .   a - +0 war axe
rCold   . . .      Faith    .   c - +0 buckler
rNeg    . . .      Spirit   .   j - +0 plate armour
rPois   .          Reflect  .   (helmet restricted)
rElec   .          Harm     .   (no cloak)
rCorr   .          Rampage  .   (no gloves)
Will    .....                   (no boots)
Stlth   ..........              (no amulet)
HPRegen 0.13/turn               (no ring)
MPRegen 0.08/turn               (no ring)

@: no status effects
A: horns 2, retaliatory headbutt
a: no special abilities


You were on level 3 of the Dungeon.
You visited 1 branch of the dungeon, and saw 3 of its levels.

You collected 97 gold pieces.

Inventory:

Hand Weapons
 a - a +0 war axe (weapon)
Missiles
 f - 7 poisoned darts (quivered)
Armour
 c - a +0 buckler (worn)
 j - a +0 plate armour (worn)
Scrolls
 b - a scroll of vulnerability {unknown}
 g - a scroll of magic mapping {unknown}
 h - a scroll of noise {unknown}
 i - a scroll of silence {unknown}
 l - a scroll of amnesia {unknown}
 n - a scroll of fear {unknown}
 o - a scroll of blinking {unknown}
 q - a scroll of identify {unknown}
 r - a scroll of enchant weapon {unknown}
Potions
 d - a potion of might
 e - 2 potions of ambrosia {unknown}
 k - a potion of curing {unknown}
 m - a potion of degeneration {unknown}
 p - a potion of brilliance {unknown}


   Skills:
 - Level 3.6 Fighting
 * Level 5.8 Axes
 - Level 3.6 Armour
 - Level 3.6 Shields


You had 3 spell levels left.
You didn't know any spells.
Your spell library contained the following spells:

 Spells                   Type           Power      Damage    Failure   Level
 Leda's Liquefaction      Hex/Erth       0%         N/A       100%        4
 Lee's Rapid Deconstruct  Erth           0%         3d5*      100%        5
 Statue Form              Tmut/Erth      0%         N/A       100%        6


Dungeon Overview and Level Annotations

Branches:
Dungeon (3/15)

Altars:


Innate Abilities, Weirdness & Mutations

You have a pair of horns on your head.
You reflexively headbutt those who attack you in melee.


Message History

There is a stone staircase leading down here.
You climb downwards.
The bat barely misses you. You furiously retaliate!
You headbutt the bat.
You kill the bat!
There is a stone staircase leading up here.
You see here a bat corpse.
You hit the orc priest. Your headbutt misses the orc priest.
The orc priest is moderately wounded.
The orc priest invokes the aid of Beogh against you.
Pain shoots through your body!
You slash the orc priest!
The orc priest is almost dead.
The orc priest calls down the wrath of Beogh upon you.
Beogh smites you!
The orc priest hits you but does no damage.
You barely miss the orc priest.
You headbutt the orc priest, but do no damage.
The orc priest is almost dead.
The orc priest hits you but does no damage.
You hit the orc priest but do no damage.
The orc priest is almost dead.
The orc priest hits you with a +0 morningstar!
* * * LOW HITPOINT WARNING * * *
You barely miss the orc priest. Your headbutt misses the orc priest.
The orc priest is almost dead.
The orc priest invokes the aid of Beogh against you.
Pain shoots through your body!
* * * LOW HITPOINT WARNING * * *
A quokka comes into view.
You completely miss the orc priest.
The orc priest is almost dead.
You block the orc priest's attack.
The orc priest hits you with a +0 morningstar.
* * * LOW HITPOINT WARNING * * *
You completely miss the orc priest. You headbutt the orc priest.
The orc priest is almost dead.
You barely miss the quokka.
The quokka bites you but does no damage.
The orc priest hits you with a +0 morningstar.
You die...

#......!#
#.......#
#.......#
#..?....#
###.......#
#.........#
#..#(..>...#
.. #...)r..#
# #....o@<#
####.####
#.# #.# #..
.o.


You could see an orc priest and a quokka.

Vanquished Creatures
  An orc wizard (D:2)
  5 dart slugs
  2 orcs
  8 ball pythons
  9 bats
  9 endoplasms
  5 giant cockroaches
  6 goblins
  3 hobgoblins
  5 kobolds
  A quokka (D:1)
  2 frilled lizards (D:1)
  7 rats
63 creatures vanquished.

Notes
Turn   | Place    | Note
-------+----------+-------------------------------------------
     0 | D:1      | zdrol the Minotaur Fighter began the quest for the Orb.
     0 | D:1      | Reached XP level 1. HP: 19/19 MP: 0/0
    46 | D:1      | Reached skill level 3 in Axes
    72 | D:1      | Reached XP level 2. HP: 23/26 MP: 1/1
   169 | D:1      | You fall into a shaft and drop 1 floor!
   189 | D:1      | Reached skill level 4 in Axes
   490 | D:1      | Reached XP level 3. HP: 30/31 MP: 2/2
  1183 | D:2      | Reached skill level 5 in Axes
  1212 | D:2      | Reached XP level 4. HP: 16/39 MP: 3/3
  1570 | D:2      | Found a faded altar of an unknown god.
  2070 | D:3      | Slain by an orc priest

Illustrated notes

Levels and vault maps discovered:
D:1:      minmay_arrival_checkered_box, layout_basic
D:2:      layout_rooms, hellmonk_ecumenical_altar_run_dry
D:3:      layout_rooms, mainiacjoe_overflow_tiny_flanked,
          chequers_serial_rivers_room_b, minmay_misc_feat_encased

Skill      XL: |  1  2  3 |
---------------+----------+-----
Axes           | 3 4 5 |  5.8
Fighting       | |  3.6
Armour         | |  3.6
Shields        | |  3.6

Action                   |  1- 3 |  4- 6 || total
-------------------------+-------+-------++-------
Melee: War axe           |   104 |    30 ||   134
       Headbutt          |     8 |     7 ||    15
Throw: Dart              |     2 |       ||     2
Armor: Scale mail        |    61 |       ||    61
       Plate armour      |    37 |    26 ||    63
Dodge: Dodged            |    48 |    11 ||    59
Block: Buckler           |    34 |     7 ||    41
